Map: Triton LE

Players

Scarlett - Winner!

  • Race: Zerg Zerg
  • Spawn Location: 5:00

TomikuS

  • Race: Zerg Zerg
  • Spawn Location: 11:00

Event: NationWars 2019

VOD

Have the link to the VOD?

Description

Time

  • Played on: Oct. 1, 2019, 12:55 p.m.
  • Length: 4:04

All games in this series

Show
View Real Time Build Order
Export as new Build Order

Scarlett Zerg - Winner!

Build Orders: Hatch First 

Get SALT Encoding   

  12  0:00  Drone  
  13  0:12  Overlord  
  13  0:17  Drone  
  14  0:30  Drone x2  
  16  0:47  Hatchery  
  15  0:51  Drone  
  15  0:54  Drone  
  17  0:57  Drone  
  18  1:08  Extractor  
  17  1:12  Spawning Pool  
  17  1:16  Drone  
  17  1:19  Drone  
  18  1:28  Drone  
  19  1:59  Queen  
  19  2:00  Zergling x6  
  26  2:02  Spine Crawler  
  26  2:04  Zergling x2  
  26  2:10  Zergling x2  
  26  2:11  Spine Crawler  
  23  2:17  Zergling x2  
  20  2:59  Zergling x2  
Show
View Real Time Build Order
Export as new Build Order

TomikuS Zerg 

Build Orders: Pool Only 

Get SALT Encoding   

  12  0:18  Spawning Pool  
  11  0:22  Drone  
  11  0:26  Drone  
  13  0:30  Drone  
  14  0:40  Overlord  
  14  1:06  Zergling x6  
  17  1:19  Zergling x2  
  18  1:28  Zergling x2  
  19  1:41  Zergling x2  
  20  2:01  Spine Crawler  
  20  2:02  Spine Crawler  
  20  2:04  Zergling x2  
  16  2:49  Zergling x2  
Tags
 
Add a new tag
Caveats
  • Supply blocks, unpowered buildings, or Contaminate may cause inaccurate times.
  • Supply counts are checked every 10 seconds.